 Dungeon Crawl Stone Soup version 0.29-a0-119-g4040846114 (webtiles) character file.

Game seed: 10959366796648979452

47 cyrus the Skirmisher (level 3, 0/20 HPs)
             Began as a Vine Stalker Fighter on Feb 19, 2022.
             Slain by an adder (1 damage)
             ... on level 2 of the Dungeon.
             The game lasted 00:02:46 (2221 turns).

cyrus the Skirmisher (Vine Stalker Fighter)         Turns: 2221, Time: 00:02:46

Health: 0/20       AC:  6    Str: 18    XL:     3   Next: 70%
Magic:  0/4        EV:  9    Int: 16    God:
Gold:   150        SH:  5    Dex: 19    Spells: 2/2 levels left

rFire   . . .      SeeInvis .   a - +0 war axe
rCold   . . .      Faith    .   c - +0 buckler
rNeg    . . .      Spirit   +   b - +0 scale mail
rPois   .          Reflect  .   (no helmet)
rElec   .          Harm     .   (no cloak)
rCorr   .          Rampage  .   (no gloves)
Will    .....                   (no boots)
Stlth   +.........              (no amulet)
HPRegen 0.06/turn               h - +6 ring of intelligence
MPRegen 0.09/turn               i - +6 ring of dexterity

@: no status effects
A: fangs 2, magic shield, antimagic bite, no potion heal 2
a: no special abilities


You were on level 2 of the Dungeon.
You visited 1 branch of the dungeon, and saw 2 of its levels.

You collected 150 gold pieces.

Inventory:

Hand Weapons
 a - a +0 war axe (weapon)
Armour
 b - a +0 scale mail (worn)
 c - a +0 buckler (worn)
Jewellery
 h - a +6 ring of intelligence (left hand)
 i - a +6 ring of dexterity (right hand)
Scrolls
 e - 3 scrolls of vulnerability {unknown}
 f - 2 scrolls of blinking {unknown}
 j - a scroll of amnesia {unknown}
 l - a scroll of teleportation {unknown}
Potions
 d - 2 potions of might
 g - a potion of brilliance {unknown}
 k - a potion of curing {unknown}


   Skills:
 + Level 3.2 Fighting
 + Level 1.9 Axes
 + Level 3.0 Armour
 + Level 1.2 Stealth
 + Level 2.8 Shields


You had 2 spell levels left.
You didn't know any spells.
Your spell library was empty.

Dungeon Overview and Level Annotations

Branches:
Dungeon (2/15)

Altars:


Innate Abilities, Weirdness & Mutations

You have extremely sharp teeth.
When hurt, damage is shared between your health and your magic reserves.
Your bite disrupts and absorbs the magic of your enemies.
Potions cannot restore your health.


Message History

Found an escape hatch in the ceiling.
The hobgoblin barely misses you.
You barely miss the adder. Your bite misses the adder.
You closely miss the hobgoblin. The adder bites you but does no damage.
You block the adder's attack. You block the hobgoblin's attack.
You barely miss the adder. You closely miss the hobgoblin.
The adder bites you but does no damage.
The hobgoblin hits you but does no damage.
The adder closely misses you. The hobgoblin barely misses you.
You closely miss the adder. Your bite misses the adder. You hit the hobgoblin.
The adder barely misses you. x2; The hobgoblin hits you.
You hit the adder.
The adder is moderately wounded.
You hit the hobgoblin.
You kill the hobgoblin!
The adder bites you.
You are poisoned.
The adder poisons you! You block the adder's attack.
You closely miss the adder.
The adder is moderately wounded.
You feel sick. You block the adder's attack. The adder bites you.
You are more poisoned.
The adder poisons you!
You hit the adder. You bite the adder. You drain its power.
The adder is severely wounded.
You feel very sick. The adder barely misses you. The adder bites you.
You feel sick. The adder bites you but does no damage.
You feel sick.
You feel sick. The adder closely misses you.
You feel sick.
You feel sick.
You feel sick. The adder bites you.
* * * LOW HITPOINT WARNING * * *
* * * LOW HITPOINT WARNING * * *
You feel sick.
You are no longer poisoned.
Unknown command.
The adder bites you.
You die...

#..######## ###### #..#
#..... #..######### #.####
#####..........# #.# #
...............#####.# #
#######...............#
...(........##........#
##########.....##........#
#..........S@..##........#
#...#######.#####........#
.......# #.# #........#
###....# ... #..........#
#....# ..... #........###
#....# #...).##.........
#.<..# #.....# #....#
#......


You could see an adder.

Vanquished Creatures
  An adder (D:2)
  A worm (D:2)
  A dart slug (D:1)
  5 endoplasms
  A giant cockroach (D:2)
  2 goblins (D:1)
  8 hobgoblins
  4 ball pythons (D:1)
  A bat (D:1)
  3 frilled lizards
  2 kobolds
  A rat (D:2)
30 creatures vanquished.

Notes
Turn   | Place    | Note
-------+----------+-------------------------------------------
     0 | D:1      | cyrus the Vine Stalker Fighter began the quest for the Orb.
     0 | D:1      | Reached XP level 1. HP: 11/11 MP: 2/2
   793 | D:1      | Reached XP level 2. HP: 13/16 MP: 1/3
  1274 | D:1      | Reached XP level 3. HP: 16/20 MP: 2/4
  1686 | D:2      | Reached skill level 1 in Stealth
  2218 | D:2      | HP: 1/20 [poisoned by an adder]
  2221 | D:2      | Slain by an adder

Illustrated notes

Levels and vault maps discovered:
D:1:      evilmike_arrival_home_sweet_home, layout_basic, minivault_24
D:2:      layout_basic, minmay_misc_feat_tiny

Skill      XL: |  1  2  3 |
---------------+----------+-----
Fighting       | 3 |  3.2
Stealth        | 1 |  1.2
Armour         | 3 |  3.0
Axes           | |  1.9
Shields        | |  2.8

Action                   || total
-------------------------++-------
Melee: War axe           ||    63
       Bite              ||     8
Armor: Scale mail        ||    40
Dodge: Dodged            ||    37
Block: Buckler           ||    24

Table legend: (Time is in decaauts)
 A = Elapsed time spent in this place.
 B = Non-inter-level travel time spent in this place.
 C = Inter-level travel time spent in this place.
 D = Time resting spent in this place.
 E = Time spent auto-exploring this place.
 F = Levels seen in this place.
 G = Mean time per level.
                   A        B        C        D        E       F      G
               +--------+--------+--------+--------+--------+-----+--------+
         Total |   2248 |   2248 |      0 |    776 |   1190 |   2 | 1124.0 |
       Dungeon |   2248 |   2248 |      0 |    776 |   1190 |   2 | 1124.0 |
               +--------+--------+--------+--------+--------+-----+--------+

Top non-repeatable levels by time:
     D:1: 1642 daAuts
     D:2: 606 daAuts
